 Dungeon Sprint DCSS version 0.28.0-43-g3370ac3207 (webtiles) character file.

Game seed: 1820241689654760062

111 boopmooplesden the Chopper (level 4, 0/72 HPs)
             Began as a Minotaur Berserker on Mar 17, 2022.
             Was a Follower of Trog.
             Succumbed to Sigmund's poison
             ... in the Dungeon (Sprint I: "Red Sonja").
             The game lasted 00:00:37 (223 turns).

boopmooplesden the Chopper (Minotaur Berserker)      Turns: 223, Time: 00:00:38

Health: 0/72       AC:  5    Str: 21    XL:     4   Next: 62%
Magic:  3/3        EV: 12    Int:  4    God:    Trog [*.....]
Gold:   54         SH:  0    Dex: 12    Spells: 3/3 levels left

rFire   + . .      SeeInvis .   a - +0 hand axe
rCold   . . .      Faith    .   (no shield)
rNeg    . . .      Spirit   .   j - +0 ring mail {rF+}
rPois   .          Reflect  .   (helmet restricted)
rElec   .          Harm     .   (no cloak)
rCorr   .          Rampage  .   (no gloves)
Will    .....      NoTele   +   (no boots)
Stlth   ..........              (no amulet)
HPRegen 0.22/turn               (no ring)
MPRegen 0.08/turn               (no ring)

@: confused, berserking, lethally poisoned (0 -> -18), very quick
A: horns 2, retaliatory headbutt
a: Renounce Religion, Berserk


You were in the Dungeon.
You worshipped Trog.
Trog was aware of your devotion.
You visited 1 branch You collected 54 gold pieces.

Inventory:

Hand Weapons
 a - a +0 hand axe (weapon)
Armour
 b - a +0 animal skin
 j - a +0 ring mail of fire resistance (worn)
Wands
 i - a wand of acid (8)
Scrolls
 h - a scroll of blinking
Potions
 c - a potion of curing
 d - a potion of heal wounds
 e - a potion of haste
 f - 2 potions of magic
 g - a potion of berserk rage


   Skills:
 + Level 7.7 Fighting
 + Level 7.9 Axes
 + Level 4.2 Armour
 + Level 4.1 Dodging


You had 3 spell levels left.
You didn't know any spells.
Your spell library was empty.

Dungeon Overview and Level Annotations

Branches:
Dungeon (1/1)

Altars:

Annotations:
D Sigmund


Innate Abilities, Weirdness & Mutations

You have a pair of horns on your head.
You reflexively headbutt those who attack you in melee.


Message History

You bump into the rock wall.
Sigmund gestures at you while chanting.
You are more confused.
You are too confused!
Sigmund casts a spell at you. The magic dart hits you.
You bump into the stone wall.
Sigmund barely misses you.
You bump into the rock wall.
There is an open door, spattered with blood here.
You see here a +0 giant club.
Sigmund gestures wildly while chanting.
Sigmund flickers and vanishes!
Deactivating autopickup; reactivate with Ctrl-A.
You're too confused to move!
You bump into the stone wall.
Something hits you!
You are poisoned.
You bump into the rock wall.
You feel very sick.
A magic dart appears from out of thin air!
The magic dart hits you!
You bump into the stone wall.
You feel less confused.
You feel sick. Something hits you.
* * * LOW HITPOINT WARNING * * *
You are lethally poisoned!
A red film seems to cover your vision as you go berserk!
You feel yourself moving faster!
You feel mighty!
* * * LOW HITPOINT WARNING * * *
You feel very sick.
You feel a strong urge to attack something.
You feel very sick.
You hear some strange, mumbled words.
You are confused.
There is an open door, spattered with blood here.
You see here a +0 giant club.
You closely miss something.
You feel sick. Something hits you!
* * * LOW HITPOINT WARNING * * *
You are more poisoned.
You slash something!
You die...

#############
#<.#..@{.#..+
#..').#..'..#
#..#####'####
#..# #..#
#..# ####
#..# #⌠⌠#
####


There were no monsters in sight!

Vanquished Creatures
  An ogre (D)
  Ijyb (D)
2 creatures vanquished.

Notes
Turn   | Place    | Note
-------+----------+-------------------------------------------
     0 | D        | boopmooplesden the Minotaur Berserker began the quest for
                  | the Orb.
     0 | D        | Reached XP level 1. HP: 19/19 MP: 0/0
     1 | D        | Noticed Ijyb
     7 | D        | Killed Ijyb
     8 | D        | Reached skill level 5 in Fighting
     8 | D        | Reached skill level 5 in Axes
     8 | D        | Reached XP level 2. HP: 29/29 MP: 1/1
    57 | D        | Noticed an ogre
    61 | D        | Killed an ogre
    62 | D        | Reached XP level 3. HP: 40/40 MP: 2/2
    62 | D        | Reached XP level 4. HP: 48/48 MP: 3/3
   205 | D        | Noticed Sigmund
   222 | D        | HP: 3/72 [something (11)]
   223 | D        | Succumbed to Sigmund's poison

Illustrated notes

Levels and vault maps discovered:
D:        dungeon_sprint_1 [red_sonja_temple_1, red_sonja_temple_small_1]

Skill      XL: |  1  2 |
---------------+-------+-----
Fighting       | 5 7 |  7.7
Axes           | 5 7 |  7.9
Armour         | 3 4 |  4.2
Dodging        | 3 4 |  4.1

Action                   |  1- 3 |  4- 6 || total
-------------------------+-------+-------++-------
Melee: Hand axe          |     6 |     2 ||     8
       Headbutt          |     2 |       ||     2
Invok: Berserk           |     2 |     1 ||     3
Dodge: Dodged            |     4 |     1 ||     5
